 Dungeon Crawl Stone Soup version 0.31-a0-1405-g2bb1a01664 (webtiles) character file.

Game seed: 13888406908030937928

91 thriggle the Apothecary (level 4, -1/28 HPs)
             Began as an Octopode Alchemist on Dec 26, 2023.
             Was a Follower of Uskayaw.
             Slain by a frilled lizard (4 damage)
             ... on level 3 of the Dungeon.
             The game lasted 00:08:14 (1683 turns).

thriggle the Apothecary (Octopode Alchemist)        Turns: 1683, Time: 00:08:15

Health: -1/28      AC:  1    Str:  7    XL:     4   Next: 59%
Magic:  6/7        EV:  2    Int: 17    God:    Uskayaw [*.....]
Gold:   101        SH:  0    Dex: 14    Spells: 1/7 levels left

rFire   . . .        c - +5 short sword (holy)
rCold   . . .        (no shield)
rNeg    . . .        (helmet restricted)
rPois   .            (no amulet)
rElec   .            (no ring)
rCorr   .            (no ring)
SInv    .            (no ring)
Will    .....        (no ring)
Stlth   +++          (no ring)
HPRegen 0.24/turn    (no ring)
MPRegen 0.10/turn    (no ring)
                     (no ring)

%: no passive effects
@: sleeping, invisible
A: almost no armour, amphibious, 8 rings, camouflage 1, gelatinous body 1,
(nimble swimmer 1), tentacles
a: Renounce Religion, Stomp


You were on level 3 of the Dungeon.
You worshipped Uskayaw.
Uskayaw was noncommittal.
You visited 1 branch of the dungeon, and saw 3 of its levels.

You collected 101 gold pieces.

Inventory:

Hand Weapons
 c - a +5 short sword of holy wrath (weapon)
 g - a +0 whip
 h - a +0 hand axe
 m - a +0 trident
 o - a +2 hand axe of draining
Missiles
 e - 14 stones
 i - 5 boomerangs
 q - 6 poisoned darts
Scrolls
 k - a scroll of brand weapon
 l - a scroll of enchant armour {unknown}
 n - a scroll of fear {unknown}
 p - a scroll of enchant weapon {unknown}
 r - a scroll of poison {unknown}
Potions
 a - a potion of magic
 b - a potion of berserk rage {unknown}
 f - a potion of invisibility
 j - a potion of brilliance {unknown}


   Skills:
 + Level 1.5 Fighting
 + Level 0.3 Short Blades
 - Level 0.3 Polearms
 + Level 2.4 Dodging
 + Level 3.4 Stealth
 + Level 2.3 Spellcasting
 + Level 1.7 Conjurations
 + Level 0.6 Air Magic
 + Level 3.7 Alchemy


You had one spell level left.
You knew the following spells:

 Your Spells              Type           Power      Damage    Failure   Level
a - Sting                 Conj/Alch      44%        1d5       6%          1
b - Mercury Vapours       Alch/Air       18%        N/A       12%         2
c - Mephitic Cloud        Conj/Alch/Air  9%         N/A       24%         3

Your spell library contained the following spells:

 Spells                   Type           Power      Damage    Failure   Level
 Scorch                   Fire           2%         2d5       28%         2
 Olgreb's Toxic Radiance  Alch           14%        N/A       36%         4
 Sticky Flame             Fire/Alch      8%         2d4       65%         4
 Flame Wave               Conj/Fire      4%         2d5       78%         4
 Freezing Cloud           Conj/Ice/Air   2%         6-21      98%         5
 Summon Cactus Giant      Summ           0%         N/A       100%        6


Dungeon Overview and Level Annotations

Branches:
Dungeon (3/15)

Altars:
Uskayaw
Zin


Innate Abilities, Weirdness & Mutations

You cannot wear most types of armour.
You are amphibious.
You can wear up to eight rings at the same time.
Your skin changes colour to match your surroundings (Stealth+).
Your rubbery body absorbs attacks. (AC +1, EV +1)
((You are camouflaged when in or above water. (Stealth+)))
You have tentacles for arms and can constrict up to eight enemies at once.


Message History

The frilled lizard hisses angrily.
You hit the sleepcap but do no damage.
The sleepcap is severely damaged.
You constrict the sleepcap, but do no damage.
The sleepcap releases spores at you!
You are engulfed in a cloud of soporific spores!
You fall asleep.
You lose your grip on the sleepcap.
A goblin comes into view. It is wielding a +0 club.
The sleepcap releases spores at you!
You wake up.
Ouch! That really hurt!
* * * LOW HITPOINT WARNING * * *
Casting: Sting (safe; 6% risk of failure)
Confirm with . or Enter, or press ? or * to list all spells.
Aiming: Sting (safe; 6% risk of failure)
Press: ? - help, Shift-Dir - straight line, f - sleepcap
Aim: a sleepcap (severely damaged, 100% to hit)
The sting hits the sleepcap but does no damage.
The sleepcap is poisoned.
The sleepcap is severely damaged.
The sleepcap completely misses you.
You hit the sleepcap but do no damage. You grab the sleepcap.
The sleepcap is almost destroyed.
You constrict the sleepcap, but do no damage.
The sleepcap completely misses you.
You hit the sleepcap but do no damage.
The sleepcap is almost destroyed.
You constrict the sleepcap, but do no damage.
The sleepcap closely misses you.
A goblin comes into view. It is wielding a +0 dagger.
Okay, then.
You fade into invisibility!
You constrict the sleepcap, but do no damage.
The kobold closely misses you. The sleepcap releases spores at you.
* * * LOW HITPOINT WARNING * * *
You are engulfed in a cloud of soporific spores!
You fall asleep.
You lose your grip on the sleepcap.
The frilled lizard bites you.
You die...

#############
............######
########.....##....[..
#....##.......######..
#...<#.........# #..
.##....#.........# ###
......f#.........#
.......@l........#
.##.....K........#
#....#.........#
.......#g........#
...#####.........# ..
#g....... . #........
.......... .....


You could see a sleepcap (unable to see you, poisoned), 2 goblins, a kobold
(unable to see you) and a frilled lizard (unable to see you).

Vanquished Creatures
  Terence (D:2)
  Robin (D:2)
  An adder (D:3)
  A worm (D:2)
  5 ball pythons
  4 endoplasms
  5 goblins (D:2)
  9 hobgoblins
  2 jackals (D:3)
  2 quokkas
  A bat (D:1)
  8 frilled lizards
  2 kobolds
  2 rats (D:2)
44 creatures vanquished.

Notes
Turn   | Place    | Note
-------+----------+-------------------------------------------
     0 | D:1      | thriggle the Octopode Alchemist began the quest for the
                  | Orb.
     0 | D:1      | Reached XP level 1. HP: 11/11 MP: 3/3
     1 | D:1      | Noticed a spriggan
     6 | D:1      | Noticed a vampire
     7 | D:1      | Noticed a tengu
    10 | D:1      | Noticed a draconian
    10 | D:1      | Noticed a minotaur zombie
    14 | D:1      | Noticed a naga
    16 | D:1      | Noticed a vampire
    16 | D:1      | Noticed a demonspawn zombie
   193 | D:1      | Reached XP level 2. HP: 18/18 MP: 0/5
   441 | D:1      | Learned a level 2 spell: Mercury Vapours
   527 | D:1      | Found a faded altar of an unknown god.
   532 | D:1      | Prayed at the altar of an unknown god.
   532 | D:1      | Became a worshipper of Uskayaw the Reveller
   532 | D:1      | Reached * piety under Uskayaw
   891 | D:2      | Noticed Terence
   927 | D:2      | Killed Terence
   927 | D:2      | Reached ** piety under Uskayaw
   928 | D:2      | Reached skill level 1 in Fighting
   928 | D:2      | Reached XP level 3. HP: 17/23 MP: 1/6
  1091 | D:2      | Noticed Robin
  1092 | D:2      | Reached XP level 4. HP: 26/28 MP: 3/7
  1097 | D:2      | Killed Robin
  1293 | D:2      | Learned a level 3 spell: Mephitic Cloud
  1642 | D:3      | Found a glowing silver altar of Zin.
  1683 | D:3      | Slain by a frilled lizard

Illustrated notes

Levels and vault maps discovered:
D:1:      shiori_arrival_whats_in_store_for_you, layout_basic,
          hellmonk_ecumenical_altar_heavens_door, serial_rivers,
          chequers_serial_rivers_small_a, chequers_serial_rivers_micro_b,
          chequers_serial_rivers_room_a, chequers_serial_rivers_room_b,
          nicolae_figureground_sparkle
D:2:      layout_rooms, hangedman_decor_riveting, uniq_terence, uniq_robin
D:3:      minmay_angry_zag, layout_rooms, zin_treasury, minmay_misc_feat_x

Skill      XL: |  1  2 |
---------------+-------+-----
Stealth        | 3 |  3.4
Fighting       | 1 |  1.5
Short Blades   | |  0.3
Polearms       | |  0.3
Dodging        | |  2.4
Spellcasting   | |  2.3
Conjurations   | |  1.7
Air Magic      | |  0.6
Alchemy        | |  3.7

Action                     |  1- 3 |  4- 6 || total
---------------------------+-------+-------++-------
  Melee: Unarmed           |     8 |       ||     8
         Tentacles         |    12 |     2 ||    14
         Constrict         |    12 |     4 ||    16
         Hand axe          |    18 |     4 ||    22
         Trident           |     7 |       ||     7
         Whip              |     1 |       ||     1
         Short sword       |       |    11 ||    11
   Cast: Sting             |    32 |    11 ||    43
         Mercury Vapours   |     1 |       ||     1
    Use: Scroll            |     2 |     1 ||     3
         Potion            |       |     1 ||     1
   Stab: Sleeping          |     3 |     2 ||     5
 Armour: Skin              |     9 |    11 ||    20
  Dodge: Dodged            |    20 |     7 ||    27

Table legend: (Time is in decaauts)
 A = Elapsed time spent in this place.
 B = Non-inter-level travel time spent in this place.
 C = Inter-level travel time spent in this place.
 D = Time resting spent in this place.
 E = Time spent auto-exploring this place.
 F = Levels seen in this place.
 G = Mean time per level.
                   A        B        C        D        E       F      G
               +--------+--------+--------+--------+--------+-----+--------+
         Total |   1688 |   1644 |     44 |     36 |   1015 |   3 |  562.7 |
       Dungeon |   1688 |   1644 |     44 |     36 |   1015 |   3 |  562.7 |
               +--------+--------+--------+--------+--------+-----+--------+

Top non-repeatable levels by time:
     D:1: 886 daAuts
     D:2: 656 daAuts
     D:3: 145 daAuts
